AoeStats
← JamesdoXD3

Arabia

510197097Analyzed
1v1 RM · 3d ago on Sep 29, 2026· 37m 46s· 2 players
Game mode
Random Map
Map size
Tiny (2 player)
Population
200
Speed
Normal
Resources
Standard
Victory
Conquest
Starting age
Dark Age
Ending age
Imperial Age
RankedLock teamsTeams togetherTeam positionsShared explorationLock speedFull tech treeHidden civsTurbo modeCheats
Victory
Defeat
🇨🇴 Maya · Colombia
1222
+15
🇨🇱 Persians · Chile
1202
-15
Lianai
6:37 Loom
8:40 Feudal Age
10:13 Double-Bit Axe
11:48 Horse Collar
12:03 Town Watch
17:10 Scale Barding Armor
18:12 Forging
18:13 Bloodlines
19:25 Wheelbarrow
23:43 Castle Age
22:04 Gold Mining
24:43 Husbandry
25:08 Chain Barding Armor
25:24 Iron Casting
27:24 Fletching
29:34 Bow Saw
34:29 Gold Shaft Mining
35:21 Bodkin Arrow
35:27 Padded Archer Armor
37:07 Leather Archer Armor
37:21 Parthian Tactics
37:02 Thumb Ring
JamesdoXD3
0:41 Loom
10:07 Feudal Age
11:30 Double-Bit Axe
13:10 Town Watch
18:44 Wheelbarrow
19:15 Forging
18:57 Fletching
19:39 Horse Collar
23:30 Castle Age
22:15 Scale Mail Armor
23:35 Pikeman
23:36 Eagle Warrior
25:29 Bow Saw
29:39 Hand Cart
31:23 Town Patrol
32:13 Gold Mining
32:16 Stone Mining
35:45 Iron Casting
35:25 Chain Mail Armor
38:05 Imperial Age
36:09 Heavy Plow
39:01 Stone Shaft Mining
Connection lost

Rejoining the realm…

Still unreachable

The connection could not be restored.

Session expired

The server has moved on; the page needs a fresh start.